Cogmind - Beta 16 --- EXPLORER MODE // 2026.01.24 @ 17:26:57 Player: viper Result: Destroyed by Y-54 Guardian via exploding Fusion Modulator Performance ------------- Evolutions (3) 1500 Regions Visited (6) 1200 Robots Destroyed (190) 950 Value Destroyed (6211) 6211 Prototype IDs (7) 140 Alien Tech Used (0) 0 Bonus (880) 880 TOTAL SCORE: 10881 Bonus ------- Follower Combat Kills 880 Cogmind --------- Core Integrity 0/700 Matter 445/500 Energy 300/300 System Corruption 7% Temperature Cool (24) Movement Walking (253) Ox2 Location -7/Factory Parts ------- > --- POWER (2) -------- Enhanced Nuclear Core > --- PROPULSION (4) --- Carbon-fiber Leg Titanium Leg Improved Carbon-fiber Leg > --- UTILITY (6) ------ Improved Cooling System Huge Storage Unit High-capacity Matter Pod (fused) Improved Terrain Scanner Advanced Targeting Computer Target Analyzer > --- WEAPON (2) ------- Advanced Assault Cannon Mini Assault Cannon > --- INVENTORY (25) --- Heavy Ion Engine Deuterium Engine Light Nuclear Core Improved Deuterium Engine Improved Deuterium Engine Improved Deuterium Engine Micro Nuclear Core Improved Cooling System Improved Cooling System Coolant Injector Improved Terrain Scanner Advanced Targeting Computer Matter Filter Kinecellerator Kinecellerator Improved Power Shielding Tractor Beam Autogun Flak Gun Precision Assault Rifle Gauss Cannon Gauss Cannon Mini Assault Cannon Precision Grenade Launcher Chainsword Peak State ------------ > --- POWER ------------ Enhanced Nuclear Core Antimatter Reactor > --- PROPULSION ------- Improved Aluminum Leg Improved Aluminum Leg Improved Carbon-fiber Leg Improved Carbon-fiber Leg > --- UTILITY ---------- Improved Cooling System Huge Storage Unit High-capacity Matter Pod Improved Terrain Scanner Advanced Targeting Computer Target Analyzer > --- WEAPON ----------- Precision Assault Rifle Precision Assault Rifle > --- INVENTORY -------- Heavy Ion Engine Light Nuclear Core Heavy Deuterium Engine Micro Nuclear Core VSS Leg Improved Carbon-fiber Leg Improved Cooling System Improved Cooling System Armor Integrity Analyzer Matter Filter Kinecellerator Kinecellerator Improved Power Shielding Improved Propulsion Shielding Layered Light Armor Plating Flak Gun Flak Gun Precision Assault Rifle Precision Assault Rifle Precision Assault Rifle Advanced Assault Cannon Gauss Cannon Hypervelocity Mass Driver Precision Grenade Launcher Chainsword [Rating: 59] Favorites ----------- Power Heavy Ion Engine Engine Heavy Ion Engine Power Core Enhanced Nuclear Core Reactor Antimatter Reactor Propulsion Improved Carbon-fiber Leg Leg Improved Carbon-fiber Leg Utility Improved Cooling System Device Improved Cooling System Storage High-capacity Matter Pod Processor Target Analyzer Protection Improved Propulsion Shielding Weapon Precision Assault Rifle Energy Gun EM Pulse Gun Ballistic Gun Precision Assault Rifle Ballistic Cannon Gauss Cannon Launcher Precision Grenade Launcher Impact Weapon Powered Hammer Build | -11 -10 -10 -8 -7 -7 -7 ------- Run | Yrd Mat Sub Mat Fac Was Fac Slots Evolved 7 | . 1 . 4 2 . . Power 1 | . . . 1 . . . Propulsion 2 | . . . 2 . . . Utility 4 | . 1 . 1 2 . . Weapon . | . . . . . . . Parts Attached 84 | 7 3 . 11 41 1 21 Power 16 | 1 1 . 3 7 1 3 Engine 11 | 1 1 . 3 3 . 3 Core 4 | . . . . 4 . . Reactor 1 | . . . . . 1 . Propulsion 17 | 2 . . 5 7 . 3 Treads . | . . . . . . . Leg 17 | 2 . . 5 7 . 3 Wheel . | . . . . . . . Hover . | . . . . . . . Flight . | . . . . . . . Utility 32 | 2 1 . 2 18 . 9 Device 16 | . . . 1 12 . 3 Storage 8 | 1 . . 1 4 . 2 Processor 7 | 1 1 . . 2 . 3 Hackware . | . . . . . . . Protection 1 | . . . . . . 1 Artifact . | . . . . . . . Weapon 19 | 2 1 . 1 9 . 6 Energy Gun 2 | 1 1 . . . . . Energy Cannon . | . . . . . . . Ballistic Gun 9 | 1 . . 1 6 . 1 Ballistic Cannon 6 | . . . . 3 . 3 Launcher 1 | . . . . . . 1 Special Weapon . | . . . . . . . Impact Weapon 1 | . . . . . . 1 Slashing Weapon . | . . . . . . . Piercing Weapon . | . . . . . . . Special Melee Weapon . | . . . . . . . Unidentified Prototypes 6 | . . . 1 2 . 3 Parts Lost 19 | . 1 . . 11 . 7 Power 3 | . . . . 1 . 2 Propulsion 10 | . . . . 6 . 4 Utility 4 | . . . . 4 . . Weapon 2 | . 1 . . . . 1 Highest Loss Streak 3 | . 1 . . 3 . 3 To Critical Strikes . | . . . . . . . Average Backups 16 | 1 2 3 2 14 23 22 Power 2 | . 1 2 1 1 3 5 Propulsion 2 | . . . 1 3 2 . Utility 5 | . . 1 . 3 8 9 Weapon 5 | . . . . 5 9 7 Tool/Special . | . . . . . . . Unused Backups 14 | . . . . 1 . 13 Power 3 | . . . . . . 3 Propulsion . | . . . . . . . Utility 5 | . . . . . . 5 Weapon 6 | . . . . 1 . 5 Tool/Special . | . . . . . . . Average Slot Usage (%) 99 | . 100 100 98 99 100 99 Engine 8 | . 12 12 16 10 . 5 Core 4 | . . . . 3 8 6 Leg 27 | . 25 25 32 27 28 27 Device 13 | . . . 7 14 14 13 Storage 13 | . 12 12 8 14 14 14 Processor 13 | . 25 25 16 13 14 14 Ballistic Gun 11 | . 12 12 8 11 14 11 Ballistic Cannon 2 | . . . . 2 . 2 Peak Build Rating 59 | 7 8 8 25 54 57 59 Average Rating 47 | 4 7 8 18 47 56 56 On Entrance 22 | . 7 8 8 25 53 57 Avg Prop Armor Cover (%) 7 | 34 . . 5 5 . 5 Naked Turns . | . . . . . . . Heaviest Build 119 | 16 16 16 42 113 119 119 Greatest Support 73 | 20 20 20 59 73 62 71 Greatest Overweight (x) 5 | 5 . . . 2 1 2 Average Overweight (x) . | . . . . . 1 1 Largest Inventory Capacity 25 | 10 10 10 15 25 25 25 Average Capacity 19 | 9 10 10 10 18 25 25 Most Carried 25 | 3 3 3 8 22 25 25 Average Carried 16 | 1 2 3 2 15 23 22 Final Capacity 25 | 10 10 10 15 25 25 25 Final Carried 25 | 3 3 3 8 22 24 25 Class Distribution -------------------- 90% | Hacker-Mutant 4% | Commander-Mutant 4% | Scientist-Mutant Dominant Class ---------------- Hacker-Mutant | -10/Materials Hacker-Mutant | -10/Subcaves Hacker-Mutant | -8/Materials Hacker-Mutant | -7/Factory Hacker-Mutant | -7/Waste Hacker-Mutant | -7/Factory Resources | -11 -10 -10 -8 -7 -7 -7 ----------- Run | Yrd Mat Sub Mat Fac Was Fac Matter Collected 4639 | 270 49 . 161 2445 30 1684 Remotely 196 | . . . . 186 . 10 Salvage Created 7843 | . 374 . 264 4715 . 2490 Parts 382 | . 16 . 16 233 . 117 Haulers Intercepted 10 | . . . 1 7 . 2 Recyclers Shooed 7 | . . . . 7 . . Parts Field Recycled . | . . . . . . . Retrieved Matter . | . . . . . . . Parts Self-Destructed . | . . . . . . . Prevented . | . . . . . . . Parts Restored . | . . . . . . . Kills | -11 -10 -10 -8 -7 -7 -7 ------- Run | Yrd Mat Sub Mat Fac Was Fac Combat Hostiles Destroyed 115 | . 4 . 5 67 . 39 Guns 96 | . 4 . 4 49 . 39 Cannons 16 | . . . . 16 . . AOE 3 | . . . 1 2 . . Classes Destroyed 14 | . 3 . 3 8 . . Worker 19 | . . . . 7 . 12 Builder 8 | . . . . 7 . 1 Tunneler 3 | . . . . 2 . 1 Hauler 10 | . . . 1 7 . 2 Recycler 22 | . 2 . . 14 . 6 Operator 2 | . . . . 2 . . Watcher 11 | . 1 . 1 4 . 5 Swarmer 8 | . . . 2 3 . 3 Grunt 67 | . 4 . 2 37 . 24 Brawler 2 | . . . . 1 . 1 Duelist 2 | . . . 1 . . 1 Sentry 11 | . . . . 8 . 3 Hunter 7 | . . . . 5 . 2 Programmer 18 | . . . . 13 . 5 Best Kill Streak 16 | . 4 . 2 6 . 16 Combat Bots Only 5 | . 3 . 2 4 . 5 Max Kills in Single Turn 2 | . 1 . 1 2 . 2 Gunslinging 1 | . . . . 1 . 1 Exploded 1 | . . . 1 1 . . Melee . | . . . . . . . Uniques/NPCs Destroyed . | . . . . . . . Combat | -11 -10 -10 -8 -7 -7 -7 -------- Run | Yrd Mat Sub Mat Fac Was Fac Hostile Shots Fired 883 | . 37 . 17 580 . 249 Missed 290 | . 9 . 7 197 . 77 Hits 593 | . 28 . 10 383 . 172 Melee 5 | . . . 3 . . 2 Projectile 588 | . 28 . 7 383 . 170 AOE 2 | . . . . . . 2 Critical Strikes 20 | . 1 . . 12 . 7 Part Disruptions 2 | . . . . 2 . . Damage Taken 5473 | . 206 . 156 3260 . 1851 Core 792 | . 40 . 11 461 . 280 Absorbed by Shields . | . . . . . . . Ignored by Resistances 3385 | . 129 . 91 2036 . 1129 Regen/Repaired (Parts) 669 | . . . . 246 . 423 Core Remaining (%) 94 | 100 . 84 98 . . . Volleys Fired 445 | . 24 . 21 264 . 136 Largest 2 | . 2 . 2 2 . 2 Hottest 80 | . 60 . 60 68 . 80 Shots Fired 886 | . 47 . 42 529 . 268 Gun 754 | . 47 . 42 419 . 246 Cannon 132 | . . . . 110 . 22 Launcher . | . . . . . . . Special . | . . . . . . . Kinetic 842 | . 24 . 21 529 . 268 Thermal . | . . . . . . . Explosive . | . . . . . . . Electromagnetic 44 | . 23 . 21 . . . Robot Hit Streak 74 | . 42 . 53 39 . 74 Robot Miss Streak 5 | . . . 1 2 . 5 Penetration Max 1 | . . . . 1 . . Secondary Targets 11 | . 1 . . 6 . 4 Max Gunslinging Chain 1 | . 1 . . 1 . 1 Shots Hit Robots 742 | . 42 . 32 437 . 231 Core Hits 433 | . 18 . 15 180 . 220 Critical Kills 8 | . . . . 5 . 3 Critical Parts Destroyed 18 | . . . . 15 . 3 Critical Strikes 52 | . . . 1 40 . 11 Destroy 29 | . . . . 22 . 7 Blast 22 | . . . . 18 . 4 Corrupt 1 | . . . 1 . . . Melee Attacks . | . . . . . . . Impact . | . . . . . . . Slashing . | . . . . . . . Piercing . | . . . . . . . Sneak Attacks . | . . . . . . . Combat Hostiles . | . . . . . . . Follow-up Attacks . | . . . . . . . Damage Inflicted 15694 | . 443 . 446 9500 . 5305 Guns 12113 | . 437 . 345 6693 . 4638 Cannons 2946 | . . . . 2381 . 565 Explosions 262 | . . . 94 168 . . Melee . | . . . . . . . Ramming 373 | . 6 . 7 258 . 102 Kinetic 14566 | . 158 . 131 9074 . 5203 Thermal 94 | . . . 94 . . . Explosive 168 | . . . . 168 . . Electromagnetic 493 | . 279 . 214 . . . Impact . | . . . . . . . Slashing . | . . . . . . . Piercing . | . . . . . . . Highest Corruption 7 | . . . . 4 4 7 Average Corruption 3 | . . . . 2 4 4 Corruption Purged 1 | . . . . 1 . . Corruption Blocked . | . . . . . . . Effects 178 | . . . . 58 13 107 Message Errors 48 | . . . . 14 5 29 Matter Fused 28 | . . . . 9 2 17 Heat Flow Errors 21 | . . . . 4 2 15 Energy Discharges 23 | . . . . 8 2 13 Parts Rejected 1 | . . . . . . 1 Parts Fused 4 | . . . . 2 1 1 Data Loss (minor) 27 | . . . . 8 1 18 Data Loss (major) 13 | . . . . 8 . 5 Misfires 7 | . . . . 2 . 5 Alerts 3 | . . . . 2 . 1 Weapon Failures 3 | . . . . 1 . 2 Overload Shots . | . . . . . . . Overflow Damage 126 | . . . . 86 . 40 Projectiles 71 | . . . . 59 . 12 Explosions 27 | . . . . 27 . . Melee 28 | . . . . . . 28 Knockbacks 21 | . . . . 19 . 2 Impact 4 | . . . . 4 . . Kinetic 15 | . . . . 14 . 1 Secondary 2 | . . . . 1 . 1 Self-Inflicted Damage 193 | . . . 28 165 . . Shots 5 | . . . 1 4 . . Rammed . | . . . . . . . Targets Rammed 31 | . 2 . 2 22 . 5 Kicked 31 | . 2 . 2 22 . 5 Crushed . | . . . . . . . Highest Temperature 244 | . 223 . 19 221 93 244 Average Temperature 87 | . 105 . 6 78 54 89 Received Heat Transfer 2838 | . 207 . 45 1686 . 900 Effects 5 | . 2 . . . . 3 Interference 5 | . 2 . . . . 3 Siege Activations . | . . . . . . . Martial Activations . | . . . . . . . Shielding Activations . | . . . . . . . Robots Disrupted . | . . . . . . . Combat Hostiles . | . . . . . . . Robots Corrupted 1 | . . . . . . 1 Combat Hostiles . | . . . . . . . Parts Fried 5 | . 1 . 1 . . 3 Impact Corruptions 2 | . . . . . . 2 Robots Melted . | . . . . . . . Combat Hostiles . | . . . . . . . Parts Melted . | . . . . . . . Heat Transferred 50 | . . . 50 . . . Parts Sabotaged . | . . . . . . . Parts Stolen . | . . . . . . . Parts Stripped . | . . . . . . . Power Chain Reactions 1 | . . . 1 . . . Alert | -11 -10 -10 -8 -7 -7 -7 ------- Run | Yrd Mat Sub Mat Fac Was Fac Maximum Alert Level . | . . . . . . . Low Security (%) 100 | 100 100 . 100 100 100 100 Level 1 . | . . . . . . . Level 2 . | . . . . . . . Level 3 . | . . . . . . . Level 4 . | . . . . . . . Level 5 . | . . . . . . . High Security . | . . . . . . . Max Security . | . . . . . . . Peak Influence 117 | . 50 . 62 117 . 111 Initial . | . . . . . . . Average 11 | . 6 . 7 10 . 16 Influence Increases 4375 | . 130 . 141 2454 . 1650 Destroy 0b10 Robot/C 2780 | . 80 . 100 1540 . 1060 Destroy 0b10 Robot/NC 385 | . 15 . 10 220 . 140 Destroy Leader 742 | . 12 . 24 422 . 284 Allied During Kill 63 | . . . . 25 . 38 Trap Triggered on 0b10 10 | . 10 . . . . . Successful Hack 245 | . 9 . . 145 . 91 Disable Machine 48 | . 4 . 4 36 . 4 Destroy Structure 57 | . . . 3 51 . 3 Lose Combat Pursuer 45 | . . . . 15 . 30 Influence Decreases 4366 | . 130 . 141 2454 . 1641 Time Decay 4020 | . 115 . 141 2253 . 1511 Lost Part 150 | . 10 . . 90 . 50 Lost Ally 191 | . . . . 111 . 80 Purge Threat 5 | . 5 . . . . . Squads Dispatched 68 | . . . 1 44 . 23 Investigation 32 | . . . . 19 . 13 Extermination 20 | . . . . 14 . 6 Reinforcement 9 | . . . 1 6 . 2 Assault . | . . . . . . . Garrison 7 | . . . . 5 . 2 Intercept . | . . . . . . . Searches Triggered . | . . . . . . . Construction Impeded 2 | . . . . 2 . . Haulers Reinforced 1 | . . . . 1 . . Active Scanning Responses . | . . . . . . . Cargo Convoy Interrupts . | . . . . . . . Stealth | -11 -10 -10 -8 -7 -7 -7 --------- Run | Yrd Mat Sub Mat Fac Was Fac Distress Signals 10 | . 2 . 1 3 . 4 Communications Jammed . | . . . . . . . Distress Signals . | . . . . . . . Times Spotted 179 | . 7 . 8 97 . 67 Peak Tracking Total 5 | . 5 . 3 5 . 4 Tactical Retreats 3 | . . . . 1 . 2 Traps | -11 -10 -10 -8 -7 -7 -7 ------- Run | Yrd Mat Sub Mat Fac Was Fac Traps Triggered 17 | . . . . 9 . 8 Indirectly . | . . . . . . . Trap Hack Attempts . | . . . . . . . Triggered . | . . . . . . . Disarmed 13 | . . . . . . 13 Reprogrammed 12 | . 12 . . . . . Reused 1 | . 1 . . . . . Traps Extracted . | . . . . . . . Installed . | . . . . . . . Triggered 1 | . 1 . . . . . Machines | -11 -10 -10 -8 -7 -7 -7 ---------- Run | Yrd Mat Sub Mat Fac Was Fac Machines Disabled 12 | . 1 . 1 9 . 1 Max in Single Turn 3 | . 1 . 1 3 . . Garrison Access 5 | . . . . 3 . 2 Machines Repaired . | . . . . . . . Machines Dismantled . | . . . . . . . Machines Sabotaged . | . . . . . . . Overloaded Fab Kills . | . . . . . . . Hacking | -11 -10 -10 -8 -7 -7 -7 --------- Run | Yrd Mat Sub Mat Fac Was Fac Machines Accessed 45 | . 2 . . 27 . 16 Terminals 24 | . 2 . . 13 . 9 Fabricators 6 | . . . . 5 . 1 Repair Stations 6 | . . . . 3 . 3 Recycling Units . | . . . . . . . Scanalyzers 4 | . . . . 3 . 1 Garrison Access 5 | . . . . 3 . 2 Total Hacks 156 | . 10 . . 88 . 58 Successful 109 | . 8 . . 58 . 43 Failed 47 | . 2 . . 30 . 15 Catastrophic 6 | . . . . 3 . 3 Database Lockouts . | . . . . . . . Manual 3 | . . . . 3 . . Terminals 90 | . 10 . . 45 . 35 Fabricators 16 | . . . . 12 . 4 Repair Stations 25 | . . . . 12 . 13 Recycling Units . | . . . . . . . Scanalyzers 18 | . . . . 16 . 2 Garrison Access 7 | . . . . 3 . 4 Terminal Hacks 56 | . 8 . . 23 . 25 Record 20 | . 1 . . 11 . 8 Part Schematic 2 | . . . . 1 . 1 Robot Schematic 2 | . . . . 2 . . Robot Analysis 1 | . . . . 1 . . Open DSF 2 | . . . . 1 . 1 Branch Access Points 1 | . . . . . . 1 Emergency Access Points 1 | . . . . . . 1 Unreport Threat 1 | . 1 . . . . . Locate Traps 5 | . 1 . . . . 4 Disarm Traps 3 | . . . . . . 3 Reprogram Traps 2 | . 2 . . . . . Dispatch Records 1 | . . . . 1 . . Maintenance Status 1 | . 1 . . . . . Investigation Status 1 | . . . . . . 1 Hauler Manifests 5 | . . . . 2 . 3 Registered Components 1 | . 1 . . . . . Zone Layout 7 | . 1 . . 4 . 2 Fabricator Hacks 13 | . . . . 9 . 4 Network Status 1 | . . . . 1 . . Load Schematic 7 | . . . . 5 . 2 Build 5 | . . . . 3 . 2 Repair Station Hacks 22 | . . . . 11 . 11 Scan Component 13 | . . . . 6 . 7 Repair 9 | . . . . 5 . 4 Recycling Unit Hacks . | . . . . . . . Scanalyzer 13 | . . . . 12 . 1 Insert Component 1 | . . . . 1 . . Retrieve Study 12 | . . . . 11 . 1 Garrison Access Hacks 5 | . . . . 3 . 2 Seal Access 5 | . . . . 3 . 2 Unauthorized Hacks . | . . . . . . . Terminals . | . . . . . . . Fabricators . | . . . . . . . Repair Stations . | . . . . . . . Recycling Units . | . . . . . . . Scanalyzers . | . . . . . . . Garrison Access . | . . . . . . . Data Cores Recovered . | . . . . . . . Used . | . . . . . . . Hacking Detections 38 | . 2 . . 22 . 14 Full Trace Events 31 | . 1 . . 19 . 11 Feedback Events 3 | . . . . 2 . 1 Corruption 3 | . . . . 2 . 1 Feedback Blocked . | . . . . . . . Robot Schematics Acquired 2 | . . . . 2 . . Robots Built 20 | . . . . 12 . 8 Authchips . | . . . . . . . Time 402 | . . . . 268 . 134 Total Robot Build Rating 80 | . . . . 48 . 32 Part Schematics Acquired 2 | . . . . 1 . 1 Parts Built . | . . . . . . . Authchips . | . . . . . . . Time . | . . . . . . . Total Part Build Rating . | . . . . . . . Part Studies Acquired 11 | . . . . 10 . 1 Parts Repaired 8 | . . . . 4 . 4 Time 452 | . . . . 206 . 246 Parts Recycled . | . . . . . . . Recycled Matter . | . . . . . . . Retrieved Matter . | . . . . . . . Retrieved Components . | . . . . . . . Parts Scanalyzed . | . . . . . . . Part Schematics Acquired . | . . . . . . . Parts Damaged . | . . . . . . . Bothacking | -11 -10 -10 -8 -7 -7 -7 ------------ Run | Yrd Mat Sub Mat Fac Was Fac Used RIF Installer . | . . . . . . . Robots Hacked . | . . . . . . . Non-combat . | . . . . . . . Combat . | . . . . . . . Robot Hacks Applied . | . . . . . . . Relay Couplers Released . | . . . . . . . Fabnet Peak Effective % . | . . . . . . . Robots Rewired . | . . . . . . . Allies Hacked . | . . . . . . . Hacks Repelled . | . . . . . . . Allies | -11 -10 -10 -8 -7 -7 -7 -------- Run | Yrd Mat Sub Mat Fac Was Fac Total Allies 20 | . . . . 12 . 8 Largest Group 8 | . . . . 4 4 8 Highest-Rated Group 96 | . . . . 48 48 96 Highest-Rated Ally 12 | . . . . 12 12 12 Total Orders . | . . . . . . . Ally Attacks 252 | . . . . 128 . 124 Total Damage 3064 | . . . . 1346 . 1718 Kills 30 | . . . . 11 . 19 Allies Corrupted . | . . . . . . . Allies Melted . | . . . . . . . Intel | -11 -10 -10 -8 -7 -7 -7 ------- Run | Yrd Mat Sub Mat Fac Was Fac Active Infowar (turns) 5354 | . . . . 293 591 4470 Terrain 5354 | . . . . 293 591 4470 Robot Analysis Total 1 | . . . . 1 . . Derelict Logs Recovered . | . . . . . . . Drone Launches . | . . . . . . . Drone Recoveries . | . . . . . . . Exploration | -11 -10 -10 -8 -7 -7 -7 ------------- Run | Yrd Mat Sub Mat Fac Was Fac Turns Passed 14751 | 91 379 16 583 8619 591 4472 Spaces Moved 7966 | 55 205 14 415 4974 295 2008 Core 23 | 23 . . . . . . Treads . | . . . . . . . Legs 7943 | 32 205 14 415 4974 295 2008 Wheels . | . . . . . . . Hover . | . . . . . . . Flight . | . . . . . . . Fastest Speed 50 | 50 120 120 116 103 175 172 Average Speed 146 | 137 120 120 120 135 175 177 Slowest Speed 300 | 300 120 120 125 265 175 253 Overloaded Moves . | . . . . . . . Propulsion Burnouts . | . . . . . . . Robots Hopped . | . . . . . . . Potential Cave-ins . | . . . . . . . Cave-ins Triggered . | . . . . . . . Exploration Rate (%) 41 | 4 34 2 22 89 88 50 Regions Visited 6 Branch Regions 1 Pre-discovered Areas . | . . . . . . . Known Exits Taken 4 | 1 1 1 1 . . . Unknown Exits Taken . | . . . . . . . Scrap Searched . | . . . . . . . Spaces Dug . | . . . . . . . Terrain Destroyed 51 | . . . 3 46 . 2 Melee . | . . . . . . . Projectile 17 | . . . . 15 . 2 AOE 34 | . . . 3 31 . . Terrain Rammed . | . . . . . . . Walls Destroyed . | . . . . . . . Machines Disabled . | . . . . . . . Actions | -11 -10 -10 -8 -7 -7 -7 --------- Run | Yrd Mat Sub Mat Fac Was Fac Total 10163 | 67 295 13 455 6306 371 2656 Wait 1438 | 3 61 . . 944 . 430 Move 7961 | 54 204 13 414 4974 294 2008 Hop . | . . . . . . . Pick Up 39 | 3 1 . 3 18 3 11 Fast Attach 40 | 7 . . 4 16 . 13 Attach 33 | . 2 . 2 14 . 15 Detach 12 | . . . . 4 . 8 Swap 47 | . 1 . 6 25 1 14 Drop 41 | . . . 3 20 2 16 Fire 445 | . 24 . 21 264 . 136 Melee . | . . . . . . . Ram . | . . . . . . . Kick 31 | . 2 . 2 22 . 5 Crush . | . . . . . . . Escape Stasis 5 | . . . . 5 . . Rewire 71 | . . . . . 71 . Trap . | . . . . . . . Miscellaneous . | . . . . . . . Route ------- -11/Scrapyard -10/Materials (discovered 2 exits: *Mat / *Sub) -10/Subcaves -8/Materials -7/Factory (discovered 5 exits: *Fac x4 / *Low) -7/Waste -7/Factory (discovered 3 exits: *Fac / *Low x2) History --------- Turn | Location | Event 8 | -11/Scrapyard | Identified exit to Materials 8 | -11/Scrapyard | Discovered exit to Materials (range 15) 92 | -11/Scrapyard | Entered Materials 92 | -10/Materials | Evolved 1 slot: Utility x1 314 | -10/Materials | Build established: Hacker-Mutant 361 | -10/Materials | Identified exit to Materials 361 | -10/Materials | Discovered exit to Materials (range 15) 439 | -10/Materials | Identified exit to Subcaves 439 | -10/Materials | Discovered exit to Subcaves (range 7) 471 | -10/Materials | Entered Subcaves 471 | -10/Subcaves | Identified exit to Materials 471 | -10/Subcaves | Discovered exit to Materials (range 10) 487 | -10/Subcaves | Entered Materials 487 | -8/Materials | Evolved 4 slots: Power x1, Propulsion x2, Utility x1 1004 | -8/Materials | Met 7R-MNS 1053 | -8/Materials | Identified exit to Factory 1053 | -8/Materials | Discovered exit to Factory (range 11) 1070 | -8/Materials | Entered Factory 1070 | -7/Factory | Evolved 2 slots: Utility x2 1071 | -7/Factory | Caught up to 7R-MNS 3320 | -7/Factory | Identified exit to Factory 3320 | -7/Factory | Discovered exit to Factory (range 15) 3464 | -7/Factory | Discovered exit to Factory (range 7) 3708 | -7/Factory | Identified exit to Lower Caves 3708 | -7/Factory | Discovered exit to Lower Caves (range 15) 4007 | -7/Factory | Garrison activated, responded to threat 4749 | -7/Factory | Discovered exit to Factory (range 8) 5563 | -7/Factory | Garrison activated, responded to threat 5625 | -7/Factory | Discovered exit to Factory (range 16) 5716 | -7/Factory | Lost 3 parts (1p1n1u) 5799 | -7/Factory | Core integrity fell below 50% 6048 | -7/Factory | Repaired Imp. Cooling System 6223 | -7/Factory | Garrison activated, responded to threat 6652 | -7/Factory | Repaired Imp. Aluminum Leg+ 6861 | -7/Factory | Fabricated S-27 Virus (x4) 7462 | -7/Factory | Fabricated S-27 Virus (x4) 7640 | -7/Factory | Lost 3 allies 9152 | -7/Factory | Repaired Imp. Aluminum Leg+ 9198 | -7/Factory | Repaired Matter Filter 9507 | -7/Factory | Fabricated S-27 Virus? 9689 | -7/Factory | Sucked down chute 9689 | -7/Factory | Entered Waste 9689 | -7/Waste | The area was eerily silent 9764 | -7/Waste | 4 allies followed down the chute 9895 | -7/Waste | Identified exit to Factory 9895 | -7/Waste | Discovered exit to Factory (range 12) 10280 | -7/Waste | Entered Factory 10280 | -7/Factory | Accompanied by 4 allies 11471 | -7/Factory | Garrison activated, responded to threat 11512 | -7/Factory | Lost 3 parts (1p1n1w) 11914 | -7/Factory | Repaired Imp. Carbon-fiber Leg+ 11959 | -7/Factory | Repaired Imp. Carbon-fiber Leg+ 12031 | -7/Factory | Repaired Enh. Nuclear Core 12235 | -7/Factory | Core integrity fell below 20% 12394 | -7/Factory | Discovered exit to Factory (range 6) 12979 | -7/Factory | Repaired Broken Prc. Assault Rifle 13324 | -7/Factory | Build established: Scientist-Mutant 13878 | -7/Factory | Fabricated S-27 Virus (x4) 13954 | -7/Factory | Fabricated S-27 Virus (x4) 14242 | -7/Factory | Build established: Commander-Mutant 14718 | -7/Factory | Lost 5 allies 14752 | -7/Factory | Destroyed by Y-54 Guardian via exploding Fusion Modulator Last Messages --------------- 14697_ W-25 Informer distress signal alerts nearby ally. 14698_ U-05 Engineer lays Concrete. 14699_ K-01 Serf collects debris. 14700_ U-05 Engineer lays Concrete. 14700_ U-05 Engineer builds a Wall. 14701_ U-05 Engineer lays Concrete. 14703_ U-05 Engineer builds a Wall. 14707_ System corrupted: Substantial component data lost. 14737_ Y-54 Guardian Lgt. Treads blasted off. 14742_ System corrupted: Matter fused (-5). 14743_ Destroyed Imp. Deuterium Engine. 14746_ Y-54 Guardian Flak Gun blasted off. 14749_ Y-54 Guardian Imp. Light Armor Plating blasted off. 14752_ Fusion Modulator explodes. 14752_ Hvy. Deuterium Engine destroyed. 14752_ Imp. Carbon-fiber Leg+ destroyed. 14752_ Fusion Modulator explodes. Map ----- +----------------------------------------------------+ | ???????????????????????????# ##???????? | | ??????????????????#????????# "" ###??????# | | ???????????????????????????# """#??????#?# | | ??????????????????????????## % T"#??#?#???? | | ??????????????????????????# """#???#????? | | ??????????????????????????# "" #?#??????? | | ??????????????????#???????# #??????#?? | | ??????????????????????????# ! #????????? | | ???????????????#??######### ##??#????? | | ???????????? #????????? | | ???????????????????+## #### #????????? | | ??????????????????????????# ###????? ? | | ??????????????????????????## ## # # ##??????? ? | | ???????????????????????#???# # % # #?#???????? | | ????????????????? ??????####### #########???? | | ?????????????????????# " ??? | | ?????????????????????# ######### ##### ##????? | | ?????????????????????? ?######## #???????????? | | ???????????????#?????? ## # ####/######????????? | | ????????????????? ?###+;;;;;;; ## #????????? | | ???????????????????# # #????????? | | ???????????????????# # #????????? | | ???????????????#???# # #????????? | | ???????????????????# # #????????? | | ???????????????????+ # #?? ?????? | | ???????????????????# ]@ ![Y%##+##### ???????? | | ???????????????????####;;;;;;;;;+## #?????????#??? | | ????????????? ???????## ; #????????????? | | ??????????????????????########## #???#????????? | | ???????????????????????????????# #????????????? | | ?????????????????????????#?????# #????????????? | | ???????????????????????????????# ????????????? | | ???????????????????????????????# ##???????????? | | ???????????????????????????????# #????????????? | | ??????????????????????????#?#??# #????????????? | | ???????????????????????????????# # ??????????? | | ???????????????????????????????# #????????????? | | ?????????????????????????????? #????????????? | | ?????????????????????#?????????# #????????????? | | ???????????????????????????????# #????????????? | | ????????????????????#??????????# #????????????? | | ???????????????????????????????# #????????????? | | ???????????????????????????????? ?????????????? | | ?????????????????????????????????????????????????? | | ?????????????????????????????????????????????????? | | ?????????????????????????????????????????????????? | | ?????????????????????????????????????????????????? | | ?????????????????????????????????????????????????? | | ?????????????????????????????????????????????????? | | ?????????????????????????????????????????????????? | +----------------------------------------------------+ Best States ------------- Heat Dissipation 115 Coolant Potential 65 Energy Generation 33 Energy Capacity 525 Matter Stores 650 Matter Capacity 650 Sight Range 16 Terrain Scan Range 16 Terrain Scan Density 10 Resistance: KI 35 Resistance: TH 35 Resistance: EX 35 Resistance: EM 35 Resistance: I 35 Resistance: S 35 Resistance: P 35 Evasion (%) 55 Targeting Accuracy 10 Target Analysis 5 Matter Filtering 30 Offensive Hacking 20 Item Schematics ----------------- Enh. Flexi-carbon Leg | -7/Factory | Hacked System Restoration Module | -7/Factory | Hacked Robot Schematics ------------------ S-27 Virus | -7/Factory | Hacked B-48 Gladiator | -7/Factory | Hacked Fabricated ------------ S-27 Virus | x4 | -7/Factory S-27 Virus | x4 | -7/Factory S-27 Virus | x4 | -7/Factory S-27 Virus | x4 | -7/Factory S-27 Virus | x4 | -7/Factory Repaired ---------- Imp. Cooling System | 35% | -7/Factory Imp. Aluminum Leg | 19% | -7/Factory Imp. Aluminum Leg | 9% | -7/Factory Matter Filter | 27% | -7/Factory Imp. Carbon-fiber Leg | 12% | -7/Factory Imp. Carbon-fiber Leg | 45% | -7/Factory Enh. Nuclear Core | 25% | -7/Factory Prc. Assault Rifle | 1% | -7/Factory | Broken Studied --------- Imp. Titanium Leg | -7/Factory | Hacked Lgt. Nuclear Core | -7/Factory | Hacked Gauss Cannon | -7/Factory | Hacked Chainsword | -7/Factory | Hacked Flak Gun | -7/Factory | Hacked Titanium Leg | -7/Factory | Hacked Adv. Assault Cannon | -7/Factory | Hacked Imp. Aluminum Leg | -7/Factory | Hacked Imp. Carbon-fiber Leg | -7/Factory | Hacked VSS Leg | -7/Factory | Hacked Deuterium Engine | -7/Factory | Hacked Alien Tech Used ----------------- None Achievements -------------- None Challenges ------------ None Game ------ Seed RocketGravitonPendant Manual? 0 Play Time 01:31:54 Cumulative 2263.4 hours Start 2026.01.23 @ 22:12:34 End 2026.01.24 @ 17:26:57 Sessions 7 Manual Loads 0 Difficulty Explorer Special Mode None Game No. 1103 Rogue 62 Adventurer 0 Explorer 1041 Win Type - Total 12 Types 12/0/0/0/0/0/0/0/0/0 Lore% 66 Gallery% 72 Achievement% 48 Wizard Run 0 Options --------- Layout 1 ASCII 0 Keyboard 0 Movement Numpad Keybinds 0 Fullscreen 1 Font 48/Smallcaps Map View 50x35 Zoom Use 0% Tactical HUD 1 Map Filters NONE Filters NONE Steam 1 RUN: a330007e-d970-4796-b3b5-f01ef4bb06b5